 Dungeon Sprint DCSS version 0.16.2-12-gd0ad4c3 (webtiles) character file.

0 musteatbrain the Skirmisher (level 1, -9/18 HPs)
             Began as a Demonspawn Berserker on Oct 15, 2015.
             Was a Follower of Trog.
             Killed by an exploding giant spore (27 damage)
             ... in the Dungeon (Sprint VI: "Thunderdome").
             The game lasted 00:02:19 (55 turns).

musteatbrain the Skirmisher (Demonspawn Berserker)    Turns: 55, Time: 00:02:19

Health: -9/18      AC:  2    Str: 27    XL:     1   Next: 0%
Magic:  1/1        EV: 12    Int: 11    God:    Trog [*.....]
Gold:   20         SH:  0    Dex: 16    Spells: 0 memorised, 0 levels left

rFire  . . .     SeeInvis .     a - +0 hand axe
rCold  . . .     Clarity  .     b - +0 animal skin
rNeg   . . .     SustAb   .     (no shield)
rPois  +         Gourm    .     (no helmet)
rElec  +         Spirit   .     (no cloak)
rCorr  .         Warding  .     (no gloves)
rMut   +         NoTele   +     (no boots)
MR     +....                    p - amulet "Ashruint" {rMut Str+4}
Stlth  ++........               o - ring "Luigho" {rElec rPois Dex+4 Stlth+}
                                q - ring of Limitation {rPois MR+ Str+6 Int+3}

@: confused, somewhat resistant to hostile enchantments, unstealthy
A: no striking features
a: Burn Spellbooks, Berserk, Renounce Religion


You were in the Dungeon.
You worshipped Trog.
Trog was aware of your devotion.
You were not hungry.

You visited 1 branch You collected 200 gold pieces.
You spent 180 gold pieces at shops.

Inventory:

Hand weapons
 a - a +0 hand axe (weapon)
Armour
 b - a +0 animal skin (worn)
Jewellery
 o - the ring "Luigho" (right hand) {rElec rPois Dex+4 Stlth+}
   (You bought it in a shop in the Dungeon)

   [ring of stealth]

   It affects your dexterity (+4).
   It insulates you from electricity.
   It protects you from poison.
   It makes you more stealthy.
 p - the amulet "Ashruint" (around neck) {rMut Str+4}
   (You bought it in a shop in the Dungeon)

   [amulet of resist mutation]

   It protects you from mutation.
   It affects your strength (+4).
 q - the ring of Limitation (left hand) {rPois MR+ Str+6 Int+3}
   (You bought it in a shop in the Dungeon)

   [ring of protection from magic]

   It affects your strength (+6).
   It affects your intelligence (+3).
   It protects you from poison.
   It affects your resistance to hostile enchantments.
Magical devices
 k - a wand of cold (5)
 l - a wand of fire (5)
Scrolls
 i - 4 scrolls of blinking
 m - 3 scrolls of fog
Potions
 d - a potion of curing
 e - 4 potions of heal wounds
 f - 4 potions of haste
 g - 2 potions of magic
 h - a potion of berserk rage
 j - a potion of resistance
Comestibles
 c - a bread ration


   Skills:
 + Level 3.0 Fighting
 + Level 2.6 Axes
 - Level 1.7 Armour
 - Level 1.7 Dodging


You couldn't memorise any spells.
You didn't know any spells.

Dungeon Overview and Level Annotations

Branches:
Dungeon (1/1)

Altars:
Cheibriados
Fedhas
Gozag
Kikubaaqudgha
Makhleb
Okawaru
Qazlal
Ru
Trog
Vehumet
Xom
Zin
Jiyva

Shops:
D *[%???:(!


Message History

The ballistomycete is heavily damaged.
You hit the active ballistomycete.
The active ballistomycete is severely damaged.
You hit the ballistomycete but do no damage.
The ballistomycete is heavily damaged.
A ballistomycete grows in the wake of the giant spore.
You hit the active ballistomycete but do no damage.
The active ballistomycete is severely damaged.
You hit the ballistomycete but do no damage.
The ballistomycete is heavily damaged.
You hit the active ballistomycete.
The active ballistomycete is almost destroyed.
You hit the giant spore but do no damage.
You hit the ballistomycete but do no damage.
The ballistomycete is heavily damaged.
The giant spore explodes!
A fungus suddenly grows.
The explosion of spores engulfs you!
You are confused.
Ouch! That really hurt!
You die...

. #.....## ##∩.....∩##
#∩.......∩# #........_#
#_......._# #_........#
###........P###
#⌠.........@P⌠#
######.8.......P.8.#
#∩___......###......__.∩
∩........8.# #.8........
...........###P.........
........###...###......
........# #.<.# .....
........###...# ....
...........###......


You could see an active ballistomycete.

Vanquished Creatures (others)
  2 giant spores (D)
2 creatures vanquished.

Notes
Turn   | Place    | Note
--------------------------------------------------------------
     0 | D        | musteatbrain, the Demonspawn Berserker, began the quest for the Orb.
     0 | D        | Reached XP level 1. HP: 18/18 MP: 1/1
     1 | D        | Found a shimmering altar of Xom.
     1 | D        | Found a bloodstained altar of Trog.
     2 | D        | Found a burning altar of Makhleb.
     3 | D        | Found a blossoming altar of Fedhas.
     4 | D        | Found Freitwaj's Advanced Armour.
     4 | D        | Found Granunuy's Identification Station.
     4 | D        | Found an opulent altar of Gozag.
     4 | D        | Found a sacrificial altar of Ru.
     5 | D        | Found a radiant altar of Vehumet.
     5 | D        | Round 1.
     6 | D        | Found Gruism's Jewellery.
     6 | D        | Found Jaonuq's Bee Food.
    18 | D        | Bought a heavily runed lead ring for 45 gold pieces
    18 | D        | Bought a clouded lead ring for 45 gold pieces
    18 | D        | Bought an ancient bone amulet for 45 gold pieces
    18 | D        | Identified the ring of Zoesk {+Inv rPois Dex-2 Slay+2} (You bought it in a shop in the Dungeon)
    19 | D        | Identified the ring "Luigho" {rElec rPois Dex+4 Stlth+} (You bought it in a shop in the Dungeon)
    20 | D        | Identified the amulet "Ashruint" {rMut Str+4} (You bought it in a shop in the Dungeon)
    21 | D        | Bought a vibrating platinum ring for 45 gold pieces
    22 | D        | Identified the ring of Limitation {rPois MR+ Str+6 Int+3} (You bought it in a shop in the Dungeon)
    32 | D        | Found an iron altar of Okawaru.
    33 | D        | Found a stormy altar of Qazlal.
    34 | D        | Found Oxtukloh's Magic Scroll Shop.
    35 | D        | Found Aracs' Magic Scroll Shop.
    37 | D        | Found an ancient bone altar of Kikubaaqudgha.
    38 | D        | Found a glowing silver altar of Zin.
    39 | D        | Found Kututaoq's Staff Store.
    39 | D        | Found Guev's Must-Have Magic.
    40 | D        | Found a viscous altar of Jiyva.
    41 | D        | Found a snail-covered altar of Cheibriados.
    43 | D        | Found Bliaxana's Distillery.
    55 | D        | Killed by an exploding giant spore

Action                   || total
-------------------------++-------
Melee: Hand axe          ||    10
